Workbook
Name \0: #REF!
Name \00: #REF!
Name \a: #REF!
Name \AA: [1]LIQUIDACION!#REF!
Name \b: [2]STRSUMM0!#REF!
Name \bb: [2]STRSUMM0!#REF!
Name \E: #REF!
Name \EE: #REF!
Name \G: #REF!
Name \k: '[3]7422CW00'!#REF!
Name \l: [4]STRSUMM0!#REF!
Name \M: #REF!
Name \ñ: '[5]7422CW00'!#REF!
Name \P: #REF!
Name \R: #REF!
Name \s: #REF!
Name \V: #REF!
Name \X: [0]!ERR
Name \Z: [0]!ERR
Name _________AFC1: [6]INV!$A$25:$D$28
Name _________AFC3: [6]INV!$F$25:$I$28
Name _________AFC5: [6]INV!$K$25:$N$28
Name _________BGC1: [6]INV!$A$5:$D$8
Name _________BGC3: [6]INV!$F$5:$I$8
Name _________BGC5: [6]INV!$K$5:$N$8
Name _________CAC1: [6]INV!$A$19:$D$22
Name _________CAC3: [6]INV!$F$19:$I$22
Name _________CAC5: [6]INV!$K$19:$N$22
Name _________PJ50: #REF!
Name _________SBC1: [6]INV!$A$12:$D$15
Name _________SBC3: [6]INV!$F$12:$I$15
Name _________SBC5: [6]INV!$K$12:$N$15
Name ________AFC1: [6]INV!$A$25:$D$28
Name ________AFC3: [6]INV!$F$25:$I$28
Name ________AFC5: [6]INV!$K$25:$N$28
Name ________BGC1: [6]INV!$A$5:$D$8
Name ________BGC3: [6]INV!$F$5:$I$8
Name ________BGC5: [6]INV!$K$5:$N$8
Name ________CAC1: [6]INV!$A$19:$D$22
Name ________CAC3: [6]INV!$F$19:$I$22
Name ________CAC5: [6]INV!$K$19:$N$22
Name ________MA2: #REF!
Name ________PJ50: #REF!
Name ________SBC1: [6]INV!$A$12:$D$15
Name ________SBC3: [6]INV!$F$12:$I$15
Name ________SBC5: [6]INV!$K$12:$N$15
Name _______AFC1: [6]INV!$A$25:$D$28
Name _______AFC3: [6]INV!$F$25:$I$28
Name _______AFC5: [6]INV!$K$25:$N$28
Name _______BGC1: [6]INV!$A$5:$D$8
Name _______BGC3: [6]INV!$F$5:$I$8
Name _______BGC5: [6]INV!$K$5:$N$8
Name _______CAC1: [6]INV!$A$19:$D$22
Name _______CAC3: [6]INV!$F$19:$I$22
Name _______CAC5: [6]INV!$K$19:$N$22
Name _______MA2: #REF!
Name _______PJ50: #REF!
Name _______SBC1: [6]INV!$A$12:$D$15
Name _______SBC3: [6]INV!$F$12:$I$15
Name _______SBC5: [6]INV!$K$12:$N$15

Sheet PRESUPUESTO
A1: REPUBLICA DE COLOMBIA
A2: DEPARTAMENTO VALLE DEL CAUCA
A3: MUNICIPIO DE ZARZAL
A4: CONSTRUCCION RED DE ALCANTARILLADO CALLE 9 ENTRE CARRERAS 14 Y 15, BARRIO LIBRAIDA, MUNICIPIO DE ZARZAL.
A5: PRESUPUESTO DE OBRA
A6: ITEM (CODIGO) | B6: DESCRIPCION Y ESPECIFICACION | C6: UND | D6: CANT | E6: VALOR UNITARIO | F6: COSTO TOTAL
A9: 1 | B9: PRELIMINARES
A10: 10106 | B10: LOCALIZACION-REPLANTEO ACUEDUCTO-ALCANTA | C10: M | D10: =+MEMORIAS!L19 -> 150.5 | E10: 2707 | F10: =ROUND(D10*E10,$G$9) -> 407404
A11: 100124 | B11: CERRAMIENTO TELA FIB.TEJIDA H=2.10M-SINB | C11: M | D11: =(78*2)+(6*2) -> 168 | E11: 18271 | F11: =ROUND(D11*E11,$G$9) -> 3069528
A12: APU - 1 | B12: COMISION TOPOGRAFICA (VERIFICACION EXCAVACIONES, NIVELES, LEVANTAMIENTO PARA PLANO RECORD (AS BUILT)) | C12: DIA | D12: 3 | E12: 1537765.4 | F12: =ROUND(D12*E12,$G$9) -> 4613296
B15: =IF(B9="ESCRIBA AQUÍ EL NOMBRE DEL CAPITULO","SUBTOTAL","SUBTOTAL CAP. "&A9&" "&B9&":") -> SUBTOTAL CAP. 1 PRELIMINARES: | F15: =SUM(F10:F14) -> 8090228
A16: 2 | B16: OBRAS DE DOMICILIARIAS
A17: 330127 | B17: CORTADORA DE PAVIMENTO DE 4 A 7 CM | C17: M | D17: =+MEMORIAS!L65 -> 173 | E17: 7731 | F17: =ROUND(D17*E17,$G$9) -> 1337463
A18: 100423 | B18: DEMOLICION PAVIMENTO CONCRETO E=15CM | C18: M2 | D18: =+MEMORIAS!L69 -> 37.5 | E18: 18050 | F18: =ROUND(D18*E18,$G$9) -> 676875
A19: 100601 | B19: EXCAVACION TIERRA A MANO | C19: M3 | D19: =+MEMORIAS!L72 -> 25.575 | E19: 35900 | F19: =ROUND(D19*E19,$G$9) -> 918143
A20: 020705 | B20: TUBERIA PVC NOVAFORT 6" | C20: M | D20: =+MEMORIAS!L75 -> 62.5 | E20: 78807 | F20: =ROUND(D20*E20,$G$9) -> 4925438
A21: 110651 | B21: SILLA YEE NOVAFORT DIAMETRO DE 6" A 8" | C21: UND | D21: =+MEMORIAS!L78 -> 15 | E21: 170401 | F21: =ROUND(D21*E21,$G$9) -> 2556015
A22: 110631 | B22: CODO 45° X 160MM. NOVAFORT | C22: UND | D22: =+MEMORIAS!L80 -> 15 | E22: 81436 | F22: =ROUND(D22*E22,$G$9) -> 1221540
A23: 100605 | B23: RELLENO MATERIAL SITIO MANUAL | C23: M3 | D23: =+MEMORIAS!L82 -> 14.625 | E23: 17522 | F23: =ROUND(D23*E23,$G$9) -> 256259
A24: 100620 | B24: RELLENO ROCAMUERTA COMPACT-SALTARIN | C24: M3 | D24: =+MEMORIAS!L84 -> 14.0625 | E24: 88524 | F24: =ROUND(D24*E24,$G$9) -> 1244869
A25: 083203 | B25: SUB-BASE GRANULAR CLASE B (Analizada para tipo de gradacion SGB-50, clase B) | C25: M3 | D25: =+MEMORIAS!L86 -> 8.625 | E25: 120884 | F25: =ROUND(D25*E25,$G$9) -> 1042625
A26: 085002 | B26: PAVIMENTO DE CONCRETO HIDRÁULICO PREMEZCLADO, NO INCLUYE ACERO NI BARRAS DE TRANSFERENCIA (ANALIZADO PARA UN TRÁNSITO NT2) | C26: M3 | D26: =+MEMORIAS!L88 -> 17.775 | E26: 991231 | F26: =ROUND(D26*E26,$G$9) -> 17619131
A27: 082013 | B27: DEMOLICIÓN DE PISOS Y ANDENES DE CONCRETO | C27: M2 | D27: =+MEMORIAS!L92 -> 16.2 | E27: 21448 | F27: =ROUND(D27*E27,$G$9) -> 347458
A28: 110105 | B28: CAJA INSPECCION 60x 60 CM [CONCRETO] | C28: UND | D28: =+MEMORIAS!L98 -> 15 | E28: 507663 | F28: =ROUND(D28*E28,$G$9) -> 7614945
A29: 100608 | B29: CARGUE Y RETIRO DE SOBRANTES A MAQUINA <=10KM. | C29: M3 | D29: =+MEMORIAS!L100 -> 6.725 | E29: 30507 | F29: =ROUND(D29*E29,$G$9) -> 205160
A30: 110906 | B30: COLCHON ARENA GRUESA E=5-7CM | C30: M3 | D30: =+MEMORIAS!L102 -> 2.205 | E30: 72762 | F30: =ROUND(D30*E30,$G$9) -> 160440
A31: 010110 | B31: RETIRO DE TUBERIA EXISTENTE | C31: M | D31: =+MEMORIAS!L104 -> 49.5 | E31: 13067 | F31: =ROUND(D31*E31,$G$9) -> 646817
A32: 010108 | B32: MANEJO DE AGUAS RESIDUALES | C32: M | D32: =+MEMORIAS!L106 -> 33 | E32: 18295 | F32: =ROUND(D32*E32,$G$9) -> 603735
A33: 200132 | B33: ANDEN CONCRETO 10CM 3000PSI | C33: M2 | D33: =+MEMORIAS!L94 -> 16.2 | E33: 93973 | F33: =ROUND(D33*E33,$G$9) -> 1522363
A34: 190527 | B34: ENCHAPE CERAMICA 25 X 25 - 1 CALIDAD | C34: M2 | D34: =+MEMORIAS!L96 -> 16.2 | E34: 107266 | F34: =ROUND(D34*E34,$G$9) -> 1737709
B36: =IF(B16="ESCRIBA AQUÍ EL NOMBRE DEL CAPITULO","SUBTOTAL","SUBTOTAL CAP. "&A16&" "&B16&":") -> SUBTOTAL CAP. 2 OBRAS DE DOMICILIARIAS : | F36: =SUM(F17:F35) -> 44636985
A37: 3 | B37: OBRAS DE ALCANTARILLADO
A38: 330127 | B38: CORTADORA DE PAVIMENTO DE 4 A 7 CM | C38: M | D38: =+MEMORIAS!L26 -> 173.6 | E38: 7731 | F38: =ROUND(D38*E38,$G$9) -> 1342102
A39: 100423 | B39: DEMOLICION PAVIMENTO CONCRETO E=15CM | C39: M2 | D39: =+MEMORIAS!L30 -> 60.8 | E39: 18050 | F39: =ROUND(D39*E39,$G$9) -> 1097440
A40: 100601 | B40: EXCAVACION TIERRA A MANO | C40: M3 | D40: =+MEMORIAS!L33 -> 63.12 | E40: 35900 | F40: =ROUND(D40*E40,$G$9) -> 2266008
A41: 010110 | B41: RETIRO DE TUBERIA EXISTENTE | C41: M | D41: =+MEMORIAS!L36 -> 41 | E41: 13067 | F41: =ROUND(D41*E41,$G$9) -> 535747
A42: 010108 | B42: MANEJO DE AGUAS RESIDUALES | C42: M | D42: =+MEMORIAS!L39 -> 41 | E42: 18295 | F42: =ROUND(D42*E42,$G$9) -> 750095
A43: 110906 | B43: COLCHON ARENA GRUESA E=5-7CM | C43: M3 | D43: =+MEMORIAS!L42 -> 4.256 | E43: 72762 | F43: =ROUND(D43*E43,$G$9) -> 309675
A44: 020706 | B44: TUBERIA PVC NOVAFORT 8" | C44: M | D44: =+MEMORIAS!L45 -> 76 | E44: 104008 | F44: =ROUND(D44*E44,$G$9) -> 7904608
A45: 020430 | B45: EMPALME TUB CONCR 8"-12" CAMARA CONCRETO | C45: UND | D45: =+MEMORIAS!L47 -> 1 | E45: 225394 | F45: =ROUND(D45*E45,$G$9) -> 225394
A46: 020403 | B46: CAMARA INSPECCION TIPO B H=0.00-1.50 MTS | C46: UND | D46: =+MEMORIAS!L49 -> 2 | E46: 2071694 | F46: =ROUND(D46*E46,$G$9) -> 4143388
A47: 100605 | B47: RELLENO MATERIAL SITIO MANUAL | C47: M3 | D47: =+MEMORIAS!L51 -> 23.712 | E47: 17522 | F47: =ROUND(D47*E47,$G$9) -> 415482
A48: 100620 | B48: RELLENO ROCAMUERTA COMPACT-SALTARIN | C48: M3 | D48: =+MEMORIAS!L53 -> 22.8 | E48: 88524 | F48: =ROUND(D48*E48,$G$9) -> 2018347
A49: 083203 | B49: SUB-BASE GRANULAR CLASE B (Analizada para tipo de gradacion SGB-50, clase B) | C49: M3 | D49: =+MEMORIAS!L55 -> 13.984 | E49: 120884 | F49: =+D49*E49 -> 1690441.9
A50: 085002 | B50: PAVIMENTO DE CONCRETO HIDRÁULICO PREMEZCLADO, NO INCLUYE ACERO NI BARRAS DE TRANSFERENCIA (ANALIZADO PARA UN TRÁNSITO NT2) | C50: M3 | D50: =+MEMORIAS!L57 -> 17.56 | E50: 991231 | F50: =ROUND(D50*E50,$G$9) -> 17406016
A51: 100608 | B51: CARGUE Y RETIRO DE SOBRANTES A MAQUINA <=10KM. | C51: M3 | D51: =+MEMORIAS!L60 -> 63.12 | E51: 30507 | F51: =ROUND(D51*E51,$G$9) -> 1925602
A52: APU - 2 | B52: RECONSTRUCCION LOSA SUPERIOR + TAPA CAMARA | C52: UND | D52: 1 | E52: =+APU´s!I68 -> 827629.71 | F52: =ROUND(D52*E52,$G$9) -> 827630
B54: =IF(B37="ESCRIBA AQUÍ EL NOMBRE DEL CAPITULO","SUBTOTAL","SUBTOTAL CAP. "&A37&" "&B37&":") -> SUBTOTAL CAP. 3 OBRAS DE ALCANTARILLADO : | F54: =SUM(F38:F53) -> 42857976
A56: 4 | B56: LIMPIEZA
A57: 310104 | B57: LIMPIEZA LAVADO SUPERFICIE - EQ. PRESION | C57: M2 | D57: =+MEMORIAS!L109 -> 166.2 | E57: 5186 | F57: =+E57*D57 -> 861913.2
B59: =IF(B56="ESCRIBA AQUÍ EL NOMBRE DEL CAPITULO","SUBTOTAL","SUBTOTAL CAP. "&A56&" "&B56&":") -> SUBTOTAL CAP. 4 LIMPIEZA : | F59: =SUM(F57:F58) -> 861913.2
A60: SUB TOTAL COSTO DIRECTO DE OBRA: | F60: =ROUND(F15+F36+F54+F59,$G$9) -> 96447102
A61: TOTAL COSTO DIRECTO DE OBRA | F61: =ROUND(SUM(F60:F60),G9) -> 96447102
C63: Administración | E63: 0.29 | F63: =ROUND($F$60*E63,$G$9) -> 27969660
C64: Utilidad | E64: 0.06 | F64: =ROUND($F$60*E64,$G$9) -> 5786826
C65: Imprevistos | E65: 0 | F65: =ROUND($F$60*E65,$G$9) -> 0
C66: SUB TOTAL COSTO INDIRECTO OBRA | F66: =ROUND(SUM(F63:F65),$G$8) -> 33756486
C68: VALOR TOTAL OBRA | F68: =+F66+F61 -> 130203588

Sheet MEMORIAS
C2: SECRETARIA DE INFRAESTRUCTURA
C3: Y MANTENIMIENTO VIAL
C6: MEMORIAS DE CALCULO
A9: MUNICIPIO DE ZARZAL
A10: DEPARTAMENTO DEL VALLE DEL CAUCA
A11: 891900624-0
A14: OBJETO: | B14: CONSTRUCCION RED DE ALCANTARILLADO CALLE 9 ENTRE CARRERAS 14 Y 15, BARRIO LIBRAIDA, MUNICIPIO DE ZARZAL.
K15: FECHA: ABRIL 2026
A17: CÓDIGO | B17: DESCRIPCION | C17: UN. | D17: LONGITUD | E17: ANCHO | F17: ALTURA | G17: PROFUND | H17: CANTIDAD | I17: MULTIP | J17: DIVIDIDO | K17: SUBTOTAL | L17: TOTAL
B18: PRELIMINARES
A19: 010106 | B19: LOCALIZACION-REPLANTEO ACUEDUCTO-ALCANTA (ALCANTARILLADO) | C19: ML | D19: =35+41 -> 76 | K19: =D19 -> 76 | L19: =K19+K20 -> 150.5
B20: LOCALIZACION-REPLANTEO ACUEDUCTO-ALCANTA (DOMICILIARIA) | C20: ML | D20: =+(5.3*5)+(4.8*10) -> 74.5 | K20: =D20 -> 74.5
A22: APU-1 | B22: COMISION TOPOGRAFICA (VERIFICACION EXCAVACIONES, NIVELES, LEVANTAMIENTO PARA PLANO RECORD (AS BUILT)) | C22: DIA | D22: 3 | L22: =+D22 -> 3
B24: CERRAMIENTO | C24: ML | D24: =+(76*2)+(1.5*2)+(6*2) -> 167 | L24: =D24 -> 167
B25: ALCANTARILLADO
A26: 330127 | B26: CORTADORA DE PAVIMENTO DE 4 A 7 CM (Tramo existente) | C26: ML | D26: =35+41 -> 76 | I26: 2 | K26: =D26*I26 -> 152 | L26: =K26+K28+K27 -> 173.6
B27: CORTADORA DE PAVIMENTO DE 4 A 7 CM (Tramo existente) | C27: ML | D27: 0.8 | I27: 2 | K27: =D27*I27 -> 1.6
B28: CORTADORA DE PAVIMENTO DE 4 A 7 CM (losas afectada) | C28: ML | D28: 10 | I28: 2 | K28: =D28*I28 -> 20
A30: 100423 | B30: DEMOLICION PAVIMENTO CONCRETO E=15CM | C30: M2 | D30: =35+41 -> 76 | E30: 0.8 | K30: =D30*E30 -> 60.8 | L30: =K30 -> 60.8
A33: 100601 | B33: EXCAVACION TIERRA A MANO (existente) | C33: M3 | D33: =76-35 -> 41 | E33: 0.8 | G33: 0.9 | K33: =D33*E33*G33 -> 29.52 | L33: =K33+K34 -> 63.12
B34: EXCAVACION TIERRA A MANO (tramo nuevo) | C34: M3 | D34: 35 | E34: 0.8 | G34: 1.2 | K34: =D34*E34*G34 -> 33.6
A36: 010110 | B36: RETIRO DE TUBERIA EXISTENTE | C36: ML | D36: 41 | K36: =D36 -> 41 | L36: =K36+K37 -> 41
A39: 010108 | B39: MANEJO DE AGUAS RESIDUALES | C39: ML | D39: 41 | K39: =D39 -> 41 | L39: =K39 -> 41
A42: 110906 | B42: COLCHON ARENA GRUESA E=5-7CM (alcantarillado vial) | C42: M3 | D42: 76 | E42: 0.8 | F42: 0.07 | K42: =D42*E42*F42 -> 4.256 | L42: =K42+K43 -> 4.256
A45: 020706 | B45: TUBERIA PVC NOVAFORT 8" | C45: ML | D45: 76 | K45: =D45 -> 76 | L45: =K45 -> 76
A47: 020430 | B47: EMPALME TUB CONCR 8"-12" CAMARA CONCRETO | C47: UND | H47: 1 | K47: =H47 -> 1 | L47: =H47 -> 1
A49: 020403 | B49: CAMARA INSPECCION TIPO B H=0.00-1.50 MTS | C49: UND | H49: 2 | K49: =H49 -> 2 | L49: =K49 -> 2
A51: 100605 | B51: RELLENO MATERIAL SITIO MANUAL | C51: M3 | D51: =76*0.3*0.8*1.3 -> 23.712 | L51: =+D51 -> 23.712
A53: 100620 | B53: RELLENO ROCAMUERTA COMPACT-SALTARIN | C53: M3 | H53: =76*0.3*0.8*1.25 -> 22.8 | K53: =H53 -> 22.8 | L53: =K53 -> 22.8
B55: SUB-BASE GRANULAR CLASE B (Analizada para tipo de gradacion SGB-50, clase B) | C55: M3 | H55: =76*0.2*0.8*1.15 -> 13.984 | K55: =+H55 -> 13.984 | L55: =+K55 -> 13.984
A57: 010302 | B57: PAV.CONCR.MR=36 MEZCLA IN SITU E=0.20,INC.JUNTA- BAKE (Alcantarillado) | C57: M2 | D57: 76 | E57: 0.8 | F57: 0.2 | K57: =D57*E57*F57 -> 12.16 | L57: =K57+K58 -> 17.56
B58: PAV.CONCR.MR=36 MEZCLA IN SITU E=0.20,INC.JUNTA- BAKE (Losas afectadas) | C58: M2 | D58: 3 | E58: 3 | F58: 0.2 | I58: 3 | K58: =D58*E58*F58*I58 -> 5.4
A60: 100608 | B60: CARGUE Y RETIRO DE SOBRANTES A MAQUINA <=10KM. | C60: M3 | K60: =L33 -> 63.12 | L60: =L33 -> 63.12
A62: APU | B62: RECONSTRUCCION LOSA SUPERIOR + TAPA CAMARA | C62: UND | D62: 1 | L62: =+D62 -> 1
B64: DOMICILIARIAS
A65: 330127 | B65: CORTADORA DE PAVIMENTO DE 4 A 7 CM | C65: ML | D65: 4.5 | H65: 5 | I65: 2 | K65: =D65*H65*I65 -> 45 | L65: =K65+K66+K67 -> 173
D66: 4 | H66: 10 | I66: 2 | K66: =D66*H66*I66 -> 80
D67: 0.8 | H67: 15 | I67: 4 | K67: =D67*H67*I67 -> 48
A69: 100423 | B69: DEMOLICION PAVIMENTO CONCRETO E=15CM | C69: M2 | D69: 4.5 | E69: 0.6 | H69: 5 | K69: =D69*E69*H69 -> 13.5 | L69: =K69+K70 -> 37.5
D70: 4 | E70: 0.6 | H70: 10 | K70: =D70*E70*H70 -> 24
A72: 100601 | B72: EXCAVACION TIERRA A MANO | C72: M3 | D72: 4.5 | E72: 0.6 | G72: 0.65 | H72: 5 | K72: =D72*E72*G72*H72 -> 8.775 | L72: =K72+K73 -> 25.575
D73: 4 | E73: 0.6 | G73: 0.7 | H73: 10 | K73: =D73*E73*G73*H73 -> 16.8
A75: 020705 | B75: TUBERIA PVC NOVAFORT 6" | C75: ML | D75: 4.5 | H75: 5 | K75: =D75*H75 -> 22.5 | L75: =K75+K76 -> 62.5
D76: 4 | H76: 10 | K76: =D76*H76 -> 40
A78: 110651 | B78: SILLA YEE NOVAFORT DIAMETRO DE 6" A 8" | C78: UND | H78: 15 | K78: =H78 -> 15 | L78: =K78 -> 15
A80: 110631 | B80: CODO 45° X 160MM. NOVAFORT | C80: UND | H80: 15 | K80: =H80 -> 15 | L80: =K80 -> 15
A82: 100605 | B82: RELLENO MATERIAL SITIO MANUAL | C82: M3 | D82: =(4.5*5)+(4*10) -> 62.5 | E82: 0.6 | G82: 0.3 | K82: =+D82*E82*G82*1.3 -> 14.625 | L82: =+K82 -> 14.625
A84: 100620 | B84: RELLENO ROCAMUERTA COMPACT-SALTARIN | C84: M3 | D84: 62.5 | E84: 0.6 | G84: 0.3 | K84: =+D84*E84*G84*1.25 -> 14.0625 | L84: =K84 -> 14.0625
B86: SUB-BASE GRANULAR CLASE B (Analizada para tipo de gradacion SGB-50, clase B) | C86: M3 | D86: 62.5 | E86: 0.6 | G86: 0.2 | K86: =+D86*E86*G86*1.15 -> 8.625 | L86: =+K86 -> 8.625
A88: 010302 | B88: PAV.CONCR.MR=36 MEZCLA IN SITU E=0.20,INC.JUNTA- BAKE (Viviendas) | C88: M2 | D88: 4.5 | E88: 0.6 | F88: 0.15 | H88: 5 | K88: =D88*E88*F88*H88 -> 2.025 | L88: =K88+K89+K90 -> 17.775
D89: 4 | E89: 0.6 | F89: 0.15 | H89: 10 | K89: =D89*E89*F89*H89 -> 3.6
B90: PAV.CONCR.MR=36 MEZCLA IN SITU E=0.20,INC.JUNTA- BAKE (Losas afectadas + losas recamaras) | D90: 9 | E90: 9 | F90: 0.15 | K90: =D90*F90*E90 -> 12.15
A92: 082013 | B92: DEMOLICIÓN DE PISOS Y ANDENES DE CONCRETO | C92: M2 | D92: 1.2 | E92: 0.9 | H92: 15 | K92: =D92*E92*H92 -> 16.2 | L92: =K92 -> 16.2
A94: 200132 | B94: ANDEN CONCRETO 10CM 3000PSI | C94: M2 | D94: =L92 -> 16.2 | L94: =+D94 -> 16.2
A96: 190527 | B96: ENCHAPE CERAMICA 25X25 - 1 CALIDAD | C96: M2 | D96: =D94 -> 16.2 | L96: =+D96 -> 16.2
A98: 110105 | B98: CAJA INSPECCION 60x 60 CM [CONCRETO] | C98: UND | H98: 15 | K98: =H98 -> 15 | L98: =K98 -> 15
A100: 100608 | B100: CARGUE Y RETIRO DE SOBRANTES A MAQUINA <=10KM. | C100: M3 | H100: 1.1 | I100: =L69*0.15 -> 5.625 | K100: =H100+I100 -> 6.725 | L100: =K100 -> 6.725
A102: 110906 | B102: COLCHON ARENA GRUESA E=5-7CM (acometidas) | C102: M3 | D102: 3 | E102: 0.7 | F102: 0.07 | I102: 15 | L102: =+D102*E102*F102*I102 -> 2.205
A104: 010110 | B104: RETIRO DE TUBERIA EXISTENTE (acometida viviendas) | C104: ML | D104: =+(4.5*11) -> 49.5 | L104: =D104 -> 49.5
A106: 010108 | B106: MANEJO DE AGUAS RESIDUALES | C106: ML | D106: 33 | L106: =+D106 -> 33
B108: LIMPIEZA
A109: 310104 | B109: LIMPIEZA | C109: M2 | D109: 76 | H109: 1.2 | I109: 1 | K109: =D109*H109*I109 -> 91.2 | L109: =K109+K110+K111 -> 166.2
D110: 5 | H110: 1 | I110: 15 | K110: =D110*H110*I110 -> 75
K111: =D111*H111*I111 -> 0
A114: PROYECTÓ: LUIS A. MONTAÑO

Sheet APU´s
B2: ANALISIS DE PRECIOS UNITARIOS
B3: PRESUPUESTO
B4: CONTRATANTE
B5: EMPRESA
B7: Código | C7: 990154
B8: Descripción | C8: COMISION TOPOGRAFIA
B9: Unidad | C9: DIA
B11: Materiales
B12: CÓDIGO | C12: DESCRIPCIÓN | D12: UNIDAD | E12: CANTIDAD | F12: % DESPERD. | G12: PRECIO UNIT. | I12: VALOR TOTAL
G13: Total Materiales | I13: 0
B15: Mano de Obra
B16: CÓDIGO | C16: DESCRIPCIÓN | D16: UNIDAD | E16: JORNAL | F16: PRESTAC. | G16: JORNAL TOT. | H16: REND. / CANT. | I16: VALOR TOTAL
B17: 200027 | C17: M.O. TOPOGRAFIA 1 CADENERO + 1 TOPOG. | D17: JORNAL | E17: =VLOOKUP(B17,[108]Insumos!B:E,4,FALSE) -> 410407.09 | F17: 1.8 | G17: =E17*F17 -> 738732.76 | H17: 1 | I17: =IF(D17<>"JORNAL",H17*E17,G17/H17) -> 738732.76
G18: Total Mano de Obra | I18: =SUM(I17:I17) -> 738732.76
B20: Equipo
B21: CÓDIGO | C21: DESCRIPCIÓN | D21: UNIDAD | E21: CANTIDAD | G21: TARIFA | I21: VALOR TOTAL
B22: 340012 | C22: CAMIONETA DE ESTACAS 4X4 | D22: H | E22: 8 | G22: =VLOOKUP(B22,[108]Insumos!B:E,4,FALSE) -> 66116 | I22: =E22*G22 -> 528928
B23: 300026 | C23: HERRAMIENTA MENOR | D23: % | E23: 5 | G23: =SUM(I18) -> 738732.76 | I23: =E23/100*G23 -> 36936.638
B24: MQ990118 | C24: ESTACION TOTAL CON PRECISION ANGULAR DE 6". PRECISION LINEAL 2 MM ± 2 PM | D24: H | E24: 8 | G24: =VLOOKUP(B24,[108]Insumos!B:E,4,FALSE) -> 20179 | I24: =E24*G24 -> 161432
B25: MQ990119 | C25: ACCESORIOS EQUIPOS DE TOPOGRAFIA (MIRA - PRISMA - TRIPODE - SOMBRILLA | D25: H | E25: 8 | G25: =VLOOKUP(B25,[108]Insumos!B:E,4,FALSE) -> 8967 | I25: =E25*G25 -> 71736
G26: Total Equipo | I26: =SUM(I22:I25) -> 799032.64
B28: Transporte
B29: CÓDIGO | C29: DESCRIPCIÓN | D29: UNIDAD | E29: CANTIDAD | F29: DISTANCIA | G29: (1)*(2) | H29: TARIFA | I29: VALOR TOTAL
G30: Total Transporte | I30: 0
G32: COSTO DIRECTO | I32: =I13+I18+I26+I30 -> 1537765.4
B35: ANALISIS DE PRECIOS UNITARIOS
B36: PRESUPUESTO
B37: CONTRATANTE
B38: EMPRESA
B40: Código | C40: 020406
B41: Descripción | C41: RECONSTRUCCION LOSA SUPERIOR-TAPA CAMARA
B42: Unidad | C42: UND
B44: Materiales
B45: CÓDIGO | C45: DESCRIPCIÓN | D45: UNIDAD | E45: CANTIDAD | F45: % DESPERD. | G45: PRECIO UNIT. | I45: VALOR TOTAL
B46: ME0105 | C46: =VLOOKUP(B46,[28]Insumos!B:E,2,FALSE) -> MEZCLA CONCRETO 1:2:3 3100 PSI - 22,0 Mpa | D46: =VLOOKUP(B46,[28]Insumos!B:E,3,FALSE) -> M3 | E46: 0.44999999 | F46: 0 | G46: =VLOOKUP(B46,[28]Insumos!B:E,4,FALSE) -> 645000 | I46: =E46*(1+F46/100)*G46 -> 290249.99
B47: 100806 | C47: =VLOOKUP(B47,[28]Insumos!B:E,2,FALSE) -> CUARTON 2" X 4" X 300 AMARILLO | D47: =VLOOKUP(B47,[28]Insumos!B:E,3,FALSE) -> UND | E47: 1 | F47: 0 | G47: =VLOOKUP(B47,[28]Insumos!B:E,4,FALSE) -> 30765 | I47: =E47*(1+F47/100)*G47 -> 30765
B48: 101012 | C48: =VLOOKUP(B48,[28]Insumos!B:E,2,FALSE) -> HIERRO CHIPA 1/4" | D48: =VLOOKUP(B48,[28]Insumos!B:E,3,FALSE) -> KG | E48: 4 | F48: 3 | G48: =VLOOKUP(B48,[28]Insumos!B:E,4,FALSE) -> 5900 | I48: =E48*(1+F48/100)*G48 -> 24308
B49: 101015 | C49: =VLOOKUP(B49,[28]Insumos!B:E,2,FALSE) -> ACERO DE REFUERZO 3/8" 60.000 | D49: =VLOOKUP(B49,[28]Insumos!B:E,3,FALSE) -> KG | E49: 54 | F49: 0 | G49: =VLOOKUP(B49,[28]Insumos!B:E,4,FALSE) -> 5800 | I49: =E49*(1+F49/100)*G49 -> 313200
B50: 101717 | C50: =VLOOKUP(B50,[28]Insumos!B:E,2,FALSE) -> TABLA OTOBO 1X10X300 CM | D50: =VLOOKUP(B50,[28]Insumos!B:E,3,FALSE) -> UND | E50: 2 | F50: 0 | G50: =VLOOKUP(B50,[28]Insumos!B:E,4,FALSE) -> 21240 | I50: =E50*(1+F50/100)*G50 -> 42480
G51: Total Materiales | I51: =SUM(I46:I50) -> 701002.99
B53: Mano de Obra
B54: CÓDIGO | C54: DESCRIPCIÓN | D54: UNIDAD | E54: JORNAL | F54: PRESTAC. | G54: JORNAL TOT. | H54: REND. / CANT. | I54: VALOR TOTAL
B55: 200006 | C55: =VLOOKUP(B55,[28]Insumos!B:E,2,FALSE) -> M.O. 1 AYUDANTE | D55: =VLOOKUP(B55,[28]Insumos!B:E,3,FALSE) -> JORNAL | E55: =VLOOKUP(B55,[28]Insumos!B:E,4,FALSE) -> 78987.78 | F55: 1.8 | G55: =E55*F55 -> 142178 | H55: 5.3299999 | I55: =IF(D55<>"JORNAL",H55*E55,G55/H55) -> 26675.048
B56: 200009 | C56: =VLOOKUP(B56,[28]Insumos!B:E,2,FALSE) -> M.O. 2 AYUDANTES + 1 OFICIAL | D56: =VLOOKUP(B56,[28]Insumos!B:E,3,FALSE) -> JORNAL | E56: =VLOOKUP(B56,[28]Insumos!B:E,4,FALSE) -> 292255.56 | F56: 1.8 | G56: =E56*F56 -> 526060.01 | H56: 5.3299999 | I56: =IF(D56<>"JORNAL",H56*E56,G56/H56) -> 98697.939
G57: Total Mano de Obra | I57: =SUM(I55:I56) -> 125372.99
B59: Equipo
B60: CÓDIGO | C60: DESCRIPCIÓN | D60: UNIDAD | E60: CANTIDAD | G60: TARIFA | I60: VALOR TOTAL
B61: 300026 | C61: HERRAMIENTA MENOR | D61: % | E61: 1 | G61: =SUM(I57) -> 125372.99 | I61: =E61/100*G61 -> 1253.7299
G62: Total Equipo | I62: =SUM(I61:I61) -> 1253.7299
B64: Transporte
B65: CÓDIGO | C65: DESCRIPCIÓN | D65: UNIDAD | E65: CANTIDAD | F65: DISTANCIA | G65: (1)*(2) | H65: TARIFA | I65: VALOR TOTAL
G66: Total Transporte | I66: 0
G68: COSTO DIRECTO | I68: =I51+I57+I62+I66 -> 827629.71
